 Dungeon Crawl Stone Soup version 0.25-a0-781-gc44aebf (webtiles) character file.

Game seed: 9087987682588096620, levelgen mode: deterministic

794 snetch the Skirmisher (level 7, 0/49 HPs)
             Began as a Demonspawn Chaos Knight on Apr 15, 2020.
             Was a Plaything of Xom.
             Slain by an orc warrior
             ... wielding a +0 long sword
              (16 damage)
             ... on level 6 of the Dungeon.
             The game lasted 00:21:07 (4237 turns).

snetch the Skirmisher (Demonspawn Chaos Knight)     Turns: 4237, Time: 00:21:10

Health: 0/49       AC:  8    Str: 15      XL:     7   Next: 58%
Magic:  1/7        EV: 12    Int: 11      God:    Xom [..*...]
Gold:   132        SH:  0    Dex: 13 (14) Spells: 1/6 levels left

rFire    . . .     SeeInvis .   a - +2 quarterstaff (chaos)
rCold    . . .     Gourm    .   (shield currently unavailable)
rNeg     . . .     Faith    .   b - +2 leather armour
rPois    .         Spirit   .   (helmet restricted)
rElec    .         Reflect  .   v - +0 cloak
rCorr    .         Harm     .   (no gloves)
MR       .....                  i - +0 pair of boots
Stlth    ++........             (no amulet)
HPRegen  4.16/turn              x - +2 ring of dexterity
MPRegen  0.10/turn              (no ring)

@: very slightly contaminated
A: horns 1, iridescent scales 1, deformed body, demonic guardian 1, dopey 1,
frail 1, powered by death 2, wild magic 1
a: Renounce Religion


You were on level 6 of the Dungeon.
You worshipped Xom.
You were a toy of Xom.
You were hungry.

You visited 1 branch of the dungeon, and saw 6 of its levels.

You collected 402 gold pieces.
You spent 270 gold pieces at shops.

Inventory:

Hand Weapons
 a - a +2 quarterstaff of chaos (weapon)
 w - a +0 hand axe of chaos
Missiles
 e - 15 sling bullets
 n - 137 stones (quivered)
 p - 107 bolts
 r - 33 arrows
Armour
 b - a +2 leather armour (worn)
 i - a +0 pair of boots (worn)
 v - a +0 cloak (worn)
Jewellery
 x - a +2 ring of dexterity (left hand)
Wands
 t - a wand of polymorph (6)
 y - a wand of disintegration (12)
Scrolls
 d - a scroll of noise {unknown}
 f - 6 scrolls of identify {unknown}
 h - 6 scrolls of teleportation {unknown}
 j - a scroll of enchant armour {unknown}
 k - 2 scrolls of magic mapping {unknown}
 o - 6 scrolls of remove curse
 q - 4 scrolls of amnesia {unknown}
 C - a scroll of vulnerability {unknown}
 F - a scroll of immolation {unknown}
 G - a scroll of enchant weapon {unknown}
Potions
 g - 2 potions of might
 l - 3 potions of berserk rage {unknown}
 m - a potion of cancellation {unknown}
 s - a potion of lignification {unknown}
 u - 3 potions of degeneration {unknown}
 z - a potion of stabbing {unknown}
 A - a potion of curing
 B - a potion of mutation {unknown}
 D - a potion of haste {unknown}
Comestibles
 c - 14 rations


   Skills:
 + Level 4.7 Fighting
 - Level 4.2 Axes
 + Level 3.8 Staves
 + Level 3.3 Armour
 + Level 2.7 Dodging
 + Level 2.1 Stealth


You had one spell level left.
You knew the following spells:

 Your Spells              Type           Power        Failure   Level  Hunger
a - Magic Dart            Conj           #...         50%         1    ##.....
b - Call Imp              Summ           #.......     63%         2    ###....
c - Passwall              Tmut/Erth      #.......     63%         2    ###....

Your spell library contained the following spells:

 Spells                   Type           Power        Failure   Level  Hunger
 Sandblast                Erth           #.....       50%         1    ##.....
 Blink                    Tloc           N/A          63%         2    ###....
 Slow                     Hex            #.......     63%         2    ###....
 Conjure Flame            Conj/Fire      #.......     85%         3    ####...
 Mephitic Cloud           Conj/Pois/Air  #.......     85%         3    ####...
 Stone Arrow              Conj/Erth      #.....       85%         3    ####...
 Petrify                  Tmut/Erth      #.......     99%         4    #####..
 Lee's Rapid Deconstruct  Erth           #.........   100%        5    ######.


Dungeon Overview and Level Annotations

Branches:
Dungeon (6/15)
 Temple: D:4-7

Altars:
Hepliaklqana
Uskayaw
Vehumet

Shops:
D:4 }%:**


Innate Abilities, Weirdness & Mutations

You have a pair of small horns on your head.
You are partially covered in iridescent scales. (AC +2)
A weak demonic guardian rushes to your aid.
You regenerate health from kills.
Armour fits poorly on your strangely shaped body.
You are dopey. (Int -2)
You are frail. (-10% HP)
Your spells are a little harder to cast, but a little more powerful.


Message History

* * * LOW HITPOINT WARNING * * *
The orc misses your quasit. What are your orders? t - Shout!
Orders for allies: a - Attack new target. r - Retreat! s - Stop attacking. g - Guard the area. f - Follow me.
Anything else - Cancel.
Gang up on whom?
Press: ? - help, Dir - move target cursor, f - orc warrior
Aim: an orc warrior, wielding a +0 long sword and wearing a cursed +0 chain mail (severely wounded) Attack!
You are feeling hungry.
Your quasit bites the orc warrior but does no damage.
Your quasit claws the orc warrior but does no damage.
Your quasit barely misses the orc warrior. x4
The gnoll closely misses you. The leopard gecko barely misses you.
The orc warrior hits you with a +0 long sword!
You die... "It was about time."

#..............
#..............
#..............
#.....$........
...............
........>)..#
.......)†.#+###
#g5......
#@o......
##l5.....
.o).... .......
....... .......
#...... ...##+


You could see an orc warrior, a gnoll, an orc, a leopard gecko and 2 friendly
quasits.

Vanquished Creatures
  A phantom (D:4)
  2 scorpions
  2 crimson imps (D:5)
  3 hounds
  A centaur skeleton (D:4)
  Jessica (D:3)
  Terence (D:2)
  3 worker ants
  Robin (D:1)
  7 adders
  6 gnolls
  2 adder skeletons
  3 worms
  4 dart slugs
  5 leopard geckos
  4 orcs
  A ball python (D:1)
  3 giant cockroaches
  13 goblins
  2 hobgoblins (D:2)
  2 jackals (D:5)
  4 kobolds
  2 quokkas (D:4)
  10 bats
  8 frilled lizards
  6 rats
  2 bushes (D:3)
99 creatures vanquished.

Vanquished Creatures (collateral kills)
  An ogre (D:5)
  A worker ant (D:4)
  A gnoll (D:6)
  3 orcs
6 creatures vanquished.

Grand Total: 105 creatures vanquished

Notes
Turn   | Place    | Note
-------+----------+-------------------------------------------
     0 | D:1      | snetch the Demonspawn Chaos Knight began the quest for the
                  | Orb.
     0 | D:1      | Reached XP level 1. HP: 18/18 MP: 1/1
    82 | D:2      | Noticed Robin
    90 | D:1      | Killed Robin
    90 | D:1      | Gained mutation: You regenerate a little health from kills.
                  | [demonic ancestry]
    90 | D:1      | Reached XP level 2. HP: 6/24 MP: 2/2
   191 | D:1      | XOM: silly message
   196 | D:1      | XOM: silly message
   289 | D:2      | Reached skill level 1 in Dodging
   292 | D:2      | Gained mutation: You regenerate health from kills. [demonic
                  | ancestry]
   292 | D:2      | Reached XP level 3. HP: 29/29 MP: 3/3
   299 | D:2      | Noticed Terence
   309 | D:2      | Killed Terence
   366 | D:1      | XOM: divination: detect items
   449 | D:1      | XOM: silly message
   631 | D:3      | Gained mutation: A weak demonic guardian rushes to your
                  | aid. [demonic ancestry]
   631 | D:3      | Reached XP level 4. HP: 33/37 MP: 4/4
   747 | D:3      | Found a hide-covered altar of Uskayaw.
   771 | D:3      | XOM: confusion
   843 | D:2      | XOM: noise
   937 | D:2      | XOM: stat loss: -1 Int (12/13)
  1004 | D:2      | XOM: stat loss: -1 Str (13/14)
  1110 | D:1      | XOM: silly message
  1214 | D:2      | Learned a level 1 spell: Magic Dart
  1217 | D:2      | Learned a level 2 spell: Call Imp
  1272 | D:4      | Found Iseceha's General Store.
  1280 | D:4      | Bought a scroll of remove curse for 42 gold pieces
  1319 | D:5      | Entered Level 5 of the Dungeon
  1467 | D:3      | Noticed Jessica
  1475 | D:3      | Gained mutation: You have a pair of small horns on your
                  | head. [demonic ancestry]
  1475 | D:3      | Reached XP level 5. HP: 39/42 MP: 5/5
  1487 | D:3      | Killed Jessica
  1775 | D:2      | Found a radiant altar of Vehumet.
  1776 | D:2      | Found a hazy altar of Hepliaklqana.
  1952 | D:2      | Found a runed translucent door.
  1953 | D:2      | Noticed Crazy Yiuf
  2059 | D:2      | Noticed Crazy Yiuf
  2059 | D:2      | Crazy Yiuf changed into Crazy Yiuf the worker ant
  2064 | D:2      | Killed Crazy Yiuf the worker ant
  2701 | D:3      | XOM: summons 1 hostile shadow creature
  2868 | D:4      | Reached skill level 1 in Staves
  2868 | D:4      | Gained mutation: You are partially covered in iridescent
                  | scales. (AC +2) [demonic ancestry]
  2868 | D:4      | Reached XP level 6. HP: 36/48 MP: 6/6
  2873 | D:4      | XOM: give mutations
  2873 | D:4      | Gained mutation: Armour fits poorly on your strangely
                  | shaped body. [Xom's mischief]
  2873 | D:4      | Gained mutation: You are dopey. (Int -2) [Xom's mischief]
  2873 | D:4      | Gained mutation: You are weak. (Str -2) [Xom's mischief]
  2873 | D:4      | Gained mutation: You are frail. (-10% HP) [Xom's mischief]
  2935 | D:4      | Found Detemu's Food Emporium.
  2944 | D:4      | XOM: give mutations
  2944 | D:4      | Lost mutation: You are weak. (Str -2) [Xom's mischief]
  2944 | D:4      | Gained mutation: Your spells are a little harder to cast,
                  | but a little more powerful. [Xom's mischief]
  2952 | D:4      | XOM: silly message
  2959 | D:4      | XOM: noise
  2964 | D:5      | Found Bostepor's Assorted Antiques.
  3027 | D:4      | Learned a level 2 spell: Passwall
  3080 | D:4      | Found Toleanahu's Book Shoppe.
  3117 | D:4      | Found Diomytij's Assorted Antiques.
  3122 | D:4      | Bought a scroll labeled KOSEOREV GODE for 26 gold pieces
  3122 | D:4      | Bought a potion of curing for 78 gold pieces
  3122 | D:4      | Bought a potion of curing for 78 gold pieces
  3122 | D:4      | Bought a golden potion for 23 gold pieces
  3122 | D:4      | Bought an amethyst potion for 23 gold pieces
  3238 | D:4      | XOM: summons 3 hostile demons
  3239 | D:4      | Noticed a ynoxinul
  3530 | D:4      | Found Isuerphy's Gadget Emporium.
  3562 | D:4      | XOM: 3-stop teleportation journey
  3675 | D:4      | Reached skill level 1 in Stealth
  3739 | D:4      | XOM: torment (23/44 hp)
  3810 | D:5      | Reached XP level 7. HP: 35/49 MP: 7/7
  4116 | D:5      | XOM: butterfly on damage
  4199 | D:5      | XOM: stat loss: -1 Dex (13/14)
  4237 | D:6      | Slain by an orc warrior

Levels and vault maps discovered:
D:1:      lemuel_arrival_muddy, layout_basic
D:2:      layout_loops_ring, gammafunk_temple_overflow_statue, first_ration,
          uniq_crazy_yiuf_cottage, uniq_terence, uniq_robin
D:3:      minmay_door_path, layout_basic, eat_drink_and_be_merry_uskayaw,
          serial_forest, infiniplex_forest_zigzag_1, infiniplex_forest_lined_3,
          infiniplex_forest_clump_cross, infiniplex_forest_lined_3_way,
          infiniplex_forest_end_3, infiniplex_forest_lined_2, uniq_jessica
D:4:      layout_basic, serial_shops, nicolae_shop_statue_plus,
          nicolae_shop_crystal, shop_coins, nicolae_shop_window_shopping, shop,
          st_stairs_6, minmay_misc_feat_alley
D:5:      layout_loops_ring, serial_shops, nicolae_shop_trees
D:6:      layout_basic, nicolae_overflow_crystal_walls, kennysheep_slug_shrine,
          minmay_temple_entry_drinking_statues, corexii_leaking_fountain,
          uniq_menkaure, uniq_eustachio, uniq_blork_the_orc

Skill      XL: |  1  2  3  4  5  6  7 |
---------------+----------------------+-----
Axes           | 3 4 |  4.2
Dodging        | 1 2 |  2.7
Armour         | 2 3 |  3.3
Fighting       | 4 |  4.7
Staves         | 1 3 |  3.8
Stealth        | 1 2 |  2.1

Action                   |  1- 3 |  4- 6 |  7- 9 || total
-------------------------+-------+-------+-------++-------
Melee: Hand axe          |    69 |   102 |       ||   171
       Quarterstaff      |       |   139 |    43 ||   182
       Headbutt          |       |    35 |     8 ||    43
 Cast: Magic Dart        |       |     1 |     3 ||     4
  Use: Potion            |       |     2 |       ||     2
 Stab: Distracted        |       |     1 |       ||     1
       Paralysed         |       |     3 |     3 ||     6
       Sleeping          |       |     1 |     1 ||     2
       Petrified         |       |       |     2 ||     2
  Eat: Chunk             |       |     9 |     2 ||    11
Armor: Leather armour    |    43 |    78 |    16 ||   137
       Robe              |       |       |     4 ||     4
Dodge: Dodged            |    63 |   128 |    30 ||   221

Table legend:
 A = Non-vault XP
 B = Vault XP
 C = Vault XP percentage of total XP
 D = Non-vault monster count
 E = Vault monster count
 F = Vault count percentage of total count
                 A         B        C        D         E       F
            +---------+---------+-------+---------+---------+-------
      Total |     983 |     152 |  13.4 |      82 |      21 |  20.4
            +---------+---------+-------+---------+---------+-------
        D:1 |      24 |      17 |  41.5 |      16 |       2 |  11.1
        D:2 |      42 |      85 |  66.9 |      13 |      11 |  45.8
        D:3 |      74 |      31 |  29.5 |      18 |       5 |  21.7
        D:4 |     336 |      19 |   5.4 |      11 |       3 |  21.4
        D:5 |     429 |       0 |   0.0 |      17 |       0 |   0.0
        D:6 |      78 |       0 |   0.0 |       7 |       0 |   0.0
            +---------+---------+-------+---------+---------+-------
